Otaku, lawful male human Samurai ---.....| -.|).....- I.[%.I[... ..%....... ... ..... Otaku the Ronin Experience level: 3 Strength: 16 Dexterity: 16 Constitution: 18 Intelligence: 9 Wisdom: 9 Charisma: 7 Health: 0(34) Energy: 7(7) Def: 7 Gold: 177 Moves: 325 Dungeon seed: Ugx4meOskkXARxqv Game ID: Otaku_1534712115 Your Inventory: Coins $ - 177 gold pieces Weapons a - a +0 katana (weapon in hand) b - a +0 wakizashi (alternate weapon; not wielded) c - a +0 yumi d - 45 +0 ya (in quiver) h - a +1 bow i - 4 +0 daggers k - 4 blessed +1 daggers m - a +0 aklys o - 5 +0 arrows p - 5 cursed +0 daggers s - 10 cursed +0 darts t - a +0 elven dagger u - 2 cursed +0 orcish daggers Armor e - an uncursed rustproof +0 splint mail (being worn) z - a cursed +0 dwarvish roundshield N - a cursed +0 orcish helm (being worn) Comestibles j - an uncursed tripe ration v - 2 cursed cherries w - a cursed partly eaten gunyoki x - a cursed lichen corpse A - a cursed tripe ration Potions G - an uncursed potion of monster detection Wands l - a wand of magic missile (0:3) Tools f - an uncursed bag of holding B - a cursed sack C - a cursed partly used wax candle (lit) (0:84) D - 6 uncursed wax candles (0:400) E - 3 uncursed tallow candles (0:200) F - a cursed osaku Gems n - an uncursed worthless piece of red glass q - an uncursed fluorite stone r - 2 uncursed topaz stones y - an uncursed worthless piece of yellow glass Y - 2 cursed worthless pieces of violet glass Contents of the bag of holding: an uncursed +0 ring mail Contents of the sack: 49 gold pieces a +0 wakizashi Spells and supernatural/magical abilities: Name Level Category Fail Memory W - pray for help -- divine ? -- Your skills at the end: Fighting Skills martial arts [Basic] Weapon Skills short sword [Basic] long sword [Basic] bow [Basic] Spellcasting Skills Final Attributes: You were devoutly aligned. You were blinded. You were fast. You were unlucky. Amaterasu Omikami was angry with you. You are dead. Vanquished creatures: a gnome king a dwarf 2 gnomes 2 lichens a newt 7 creatures vanquished. Voluntary challenges: You went without food. You used a wielded weapon 11 times, starting on turn 3. You were illiterate. You never genocided any monsters. You never polymorphed an object. You never changed form. You used no wishes. You never split a pudding. You never wrote Elbereth's name. You violated your moral code, losing 1 point of alignment, starting on turn 320. Dungeon overview: The Dungeons of Doom: levels 1 to 2 Level 1 a fountain a long staircase Level 2 stairs to The Gnomish Mines The Gnomish Mines: Level 3 <- You were here stairs to The Dungeons of Doom History has recorded: On T:1 you entered the Dungeons of Doom to retrieve the Amulet of Yendor! On T:72 you reached level 2 of The Dungeons of Doom. On T:233 you reached level 1 of The Gnomish Mines. On T:240 you advanced to experience level 2. On T:265 you advanced to experience level 3. Score breakdown: Gold: 226 ( 8014 points) Experience: 3 levels ( 7878 points) Exploration: 3 levels ( 6.00%) ( 6060 points) Discoveries: 2 items ( 0.81%) ( 2705 points) Valuables value: (no points given unless you survive) Artifact value: 0 ( 0 points) Variety of kills: 5 monsters ( 1.31%) ( 3436 points) Turncount: 325 turns ( 0 points) Survival: died (score multiplied by 80%) Total score: 22474 Latest messages: You try to feel what is lying here on the headstone. There is a grave here. Something is engraved here on the headstone. You feel the words: "lixian, killed by a gnome king". There are a few objects here. It gets angry! Wait! There's something there you can't see! Use the 'moveonly' command to move into a remembered wall. (2x) You hear a nearby zap. The wand hits you! You hear the howling of the CwnAnnwn... The wand misses it. You begin praying to Amaterasu Omikami. You hear a nearby zap. The wand misses you. The wand hits it. It resists! You feel that Amaterasu Omikami is displeased. You hear a nearby zap. The wand hits you! You die... Final status: Sayonara Otaku the Samurai, killed by a wand... You died in The Gnomish Mines on dungeon level 3 with 22474 points, and 226 pieces of gold, after 325 moves. You were level 3 with a maximum of 34 hit points when you died.